 Dungeon Crawl Stone Soup version 0.30-a0-782-ge64f9170bb (webtiles) character file.

Game seed: 9168416332864777922

18 NotreDorf the Magician (level 2, -1/19 HPs)
             Began as a Mummy Fire Elementalist on Feb 18, 2023.
             Killed from afar by an orc wizard (5 damage)
             ... with a magic dart
             ... on level 2 of the Dungeon.
             The game lasted 00:05:03 (1104 turns).

NotreDorf the Magician (Mummy Fire Elementalist)    Turns: 1104, Time: 00:05:04

Health: -1/19      AC:  2    Str: 11    XL:     2   Next: 51%
Magic:  1/6        EV: 12    Int: 14    God:
Gold:   60         SH:  0    Dex: 12    Spells: 6/7 levels left

rFire   x . .      SeeInvis .    c - +0 short sword
rCold   + . .      Faith    +    (no shield)
rNeg    + + +      Spirit   .    a - +0 robe
rPois   ∞          Reflect  .    (no helmet)
rElec   .          Harm     .    (no cloak)
rCorr   .          Rampage  .    (no gloves)
Will    .....                    (no boots)
Stlth   ++                       (no amulet)
HPRegen 0.23/turn                (no ring)
MPRegen 0.10/turn                (no ring)

@: very slightly contaminated
A: cold resistance 1, negative energy resistance 3, torment resistance 2, heat
vulnerability 1, no potions, faith
a: no special abilities


You were on level 2 of the Dungeon.
You visited 1 branch of the dungeon, and saw 2 of its levels.

You collected 60 gold pieces.

Inventory:

Hand Weapons
 c - a +0 short sword (weapon)
Armour
 a - a +0 robe (worn)
Jewellery
 e - a ring of magical power
Scrolls
 b - a scroll of identify {unknown}
 d - a scroll of amnesia {unknown}
 f - a scroll of immolation {unknown}
 g - a scroll of blinking {unknown}
 h - a scroll of poison {unknown}
 i - a scroll of fear {unknown}


   Skills:
 + Level 1.8 Dodging
 - Level 1.5 Stealth
 + Level 3.1 Spellcasting
 + Level 1.1 Conjurations
 + Level 2.6 Fire Magic


You had 6 spell levels left.
You knew the following spells:

 Your Spells              Type           Power      Damage    Failure   Level
a - Foxfire               Conj/Fire      28%        2x1d5     10%         1

Your spell library contained the following spells:

 Spells                   Type           Power      Damage    Failure   Level
 Scorch                   Fire           18%        2d5       11%         2
 Momentum Strike          Conj/Tloc      6%         3d8       26%         2
 Blink                    Tloc           4%         N/A       32%         2
 Lesser Beckoning         Tloc           4%         N/A       32%         2
 Inner Flame              Hex/Fire       5%         N/A       36%         3
 Kindle Blastsparks       Fire/Tloc/Air  8%         2d10      41%         3
 Flame Wave               Conj/Fire      7%         2d5       67%         4


Dungeon Overview and Level Annotations

Branches:
Dungeon (2/15)

Altars:


Innate Abilities, Weirdness & Mutations

You are immune to poison.
Your flesh is cold resistant. (rC+)
You are immune to negative energy. (rN+++)
You are immune to unholy pain and torment.
You are vulnerable to heat. (rF-)
You do not drink.
You have a special connection with the divine. (Faith)


Message History

An orc wizard comes into view. It is wielding a +0 dagger.
The foxfire hits the rat.
You kill the rat!
Casting: Foxfire (safe; 10% risk of failure)
Confirm with . or Enter, or press ? or * to list all spells.
You conjure some foxfire!
The orc wizard casts a spell.
The orc wizard flickers and vanishes!
Deactivating autopickup; reactivate with Ctrl-A.
You hear a shout!
The foxfire hits something. x2
An orc priest comes into view. It is wielding a +0 club.
Casting: Foxfire (safe; 10% risk of failure)
Confirm with . or Enter, or press ? or * to list all spells.
You miscast Foxfire.
You are very lightly contaminated with residual magic.
Nothing appears to happen.
The orc priest shouts!
You hear a shout!
Casting: Foxfire (safe; 10% risk of failure)
Confirm with . or Enter, or press ? or * to list all spells.
You conjure some foxfire!
Something hits you.
An orc priest comes into view. It is wielding a +1 dagger of venom.
A dart slug comes into view.
The foxfire hits something but does no damage.
The foxfire hits something.
The orc priest calls down the wrath of Beogh upon you.
Beogh smites you!
Ouch! That really hurt!
Something hits you.
* * * LOW HITPOINT WARNING * * *
Casting: Foxfire (safe; 10% risk of failure)
Confirm with . or Enter, or press ? or * to list all spells.
You conjure some foxfire!
The dart slug launches a dart at you. The slug dart misses you.
The slug dart hits your foxfire.
The orc priest looks encouraged for a moment.
You hear some strange, mumbled words.
A magic dart appears from out of thin air!
The magic dart hits you.
You die...

..o...#.. ....
........###.w..
.......#......
......#).....
#o..........
#..........
#{......#
#v@.....#
#v...)..#
#<...#.†...
#....# ....
#.#.## ...
..#... ..
...#..... .
....#......
.....#......


You could see 2 orc priests and a dart slug (ally target).

Vanquished Creatures
  A dart slug (D:1)
  A bat (D:1)
  2 endoplasms (D:1)
  A giant cockroach (D:1)
  A hobgoblin (D:1)
  A quokka (D:1)
  2 ball pythons (D:1)
  A frilled lizard (D:1)
  3 goblins
  A kobold (D:1)
  A rat (D:2)
15 creatures vanquished.

Vanquished Creatures (others)
  36 foxfires
36 creatures vanquished.

Grand Total: 51 creatures vanquished

Notes
Turn   | Place    | Note
-------+----------+-------------------------------------------
     0 | D:1      | NotreDorf the Mummy Fire Elementalist began the quest for
                  | the Orb.
     0 | D:1      | Reached XP level 1. HP: 13/13 MP: 4/4
   271 | D:1      | Reached skill level 1 in Conjurations
   707 | D:1      | Reached skill level 3 in Spellcasting
   707 | D:1      | Reached XP level 2. HP: 19/19 MP: 4/6
  1104 | D:2      | Killed from afar by an orc wizard

Illustrated notes

Levels and vault maps discovered:
D:1:      lightli_arrival_maybe_door_vault, layout_loops_corners,
          chequers_serial_rivers_marsh, nrook_campfire
D:2:      layout_basic, shapermc_ecumenical_altar_pompeii, minmay_vboxes

Skill      XL: |  1 |
---------------+----+-----
Conjurations   | 1 |  1.1
Spellcasting   | 3 |  3.1
Dodging        | |  1.8
Stealth        | |  1.5
Fire Magic     | |  2.6

Action                     || total
---------------------------++-------
  Melee: Short sword       ||     4
   Cast: Foxfire           ||    24
 Armour: Robe              ||     2
  Dodge: Dodged            ||     8

Table legend: (Time is in decaauts)
 A = Elapsed time spent in this place.
 B = Non-inter-level travel time spent in this place.
 C = Inter-level travel time spent in this place.
 D = Time resting spent in this place.
 E = Time spent auto-exploring this place.
 F = Levels seen in this place.
 G = Mean time per level.
                   A        B        C        D        E       F      G
               +--------+--------+--------+--------+--------+-----+--------+
         Total |   1103 |   1071 |     32 |      0 |    928 |   2 |  551.5 |
       Dungeon |   1103 |   1071 |     32 |      0 |    928 |   2 |  551.5 |
               +--------+--------+--------+--------+--------+-----+--------+

Top non-repeatable levels by time:
     D:1: 1088 daAuts
     D:2: 15 daAuts
